 Seeded DCSS version 0.28-a0-973-ga7f8b01127 (webtiles) character file.

Game seed: 20211202 (custom seed)

211 a11behringer the Chopper (level 5, -13/47 HPs)
             Began as a Hill Orc Fighter on Dec 2, 2021.
             Mangled by a two-headed ogre (21 damage)
             ... on level 4 of the Dungeon.
             The game lasted 00:06:34 (2721 turns).

a11behringer the Chopper (Hill Orc Fighter)         Turns: 2721, Time: 00:06:35

Health: -13/47     AC:  8    Str: 21    XL:     5   Next: 88%
Magic:  5/5        EV:  9    Int:  8    God:
Gold:   167        SH:  6    Dex: 10    Spells: 4/4 levels left

rFire   . . .      SeeInvis .   h - +4 hand axe
rCold   . . .      Faith    .   n - +2 buckler
rNeg    . . .      Spirit   .   b - +0 scale mail
rPois   .          Reflect  .   (no helmet)
rElec   .          Harm     .   (no cloak)
rCorr   .          Rampage  .   p - +0 pair of gloves
Will    .....                   (no boots)
Stlth   ..........              (no amulet)
HPRegen 0.15/turn               (no ring)
MPRegen 0.09/turn               (no ring)

@: mighty, studying Poison Magic
A: no striking features
a: no special abilities


You were on level 4 of the Dungeon.
You visited 1 branch of the dungeon, and saw 4 of its levels.

You collected 167 gold pieces.

Inventory:

Hand Weapons
 a - a +0 war axe
 h - a +4 hand axe (weapon)
 j - a +0 hunting sling
Armour
 b - a +0 scale mail (worn)
 c - a +0 buckler
 n - a +2 buckler (worn)
 p - a +0 pair of gloves (worn)
 t - a +0 kite shield
Magical Staves
 k - a staff of air
Scrolls
 e - 3 scrolls of identify {unknown}
 f - 3 scrolls of teleportation {unknown}
 g - a scroll of blinking {unknown}
 i - a scroll of fear {unknown}
 l - a scroll of immolation {unknown}
 o - a scroll of enchant weapon {unknown}
 r - a scroll of torment {unknown}
 s - a scroll of amnesia {unknown}
Potions
 d - 2 potions of might
 m - a potion of degeneration {unknown}
 q - a potion of curing {unknown}


   Skills:
 + Level 4.4 Fighting
 * Level 5.8 Axes
 + Level 4.5 Armour
 + Level 3.8 Shields


You had 4 spell levels left.
You didn't know any spells.
Your spell library contained the following spells:

 Spells                   Type           Power      Damage    Failure   Level
 Corpse Rot               Necr/Air       0%         N/A       87%         2
 Poisonous Vapours        Pois/Air       0%         N/A       87%         2
 Ozocubu's Armour         Ice            0%         N/A       98%         3
 Dispel Undead            Necr           0%         3d6       100%        4
 Summon Forest            Summ/Tloc      0%         N/A       100%        5
 Death Channel            Necr           0%         N/A       100%        6
 Eringya's Noxious Bog    Tmut/Pois      0%         N/A       100%        6
 Ozocubu's Refrigeration  Ice            0%         4d5       100%        7
 Summon Hydra             Summ           0%         N/A       100%        7


Dungeon Overview and Level Annotations

Branches:
Dungeon (4/15)
 Temple: D:4-7

Altars:


Message History

You hit Blork the orc.
Blork the orc is moderately wounded.
Blork the orc completely misses you.
You hit Blork the orc.
Blork the orc is heavily wounded.
Blork the orc barely misses you.
You hit Blork the orc.
Blork the orc is heavily wounded.
Blork the orc hits you with a +0 scimitar.
You hit Blork the orc.
Blork the orc is severely wounded.
Blork the orc screams, "I don't like you!"
Blork the orc casts a spell at you. The puff of flame hits you!
You hit Blork the orc.
Blork the orc is severely wounded.
You block Blork the orc's attack.
You hit Blork the orc but do no damage.
Blork the orc is severely wounded.
Blork the orc gestures wildly while chanting.
Blork the orc seems to speed up.
You slash Blork the orc!
You kill Blork the orc!
Things that are here:
a +0 scimitar; a +0 robe; the orc corpse of Blork the orc
Found 22 stones.
A two-headed ogre comes into view.
It is wielding a +0 giant club and a +0 giant spiked club.
The two-headed ogre shouts in stereo!
You feel very mighty all of a sudden. The two-headed ogre barely misses you.
The two-headed ogre hits you with a +0 giant spiked club!!
Ouch! That really hurt!
You hit the two-headed ogre.
The two-headed ogre is lightly wounded.
You completely miss the two-headed ogre.
The two-headed ogre is lightly wounded.
The two-headed ogre hits you with a +0 giant club!
* * * LOW HITPOINT WARNING * * *
The two-headed ogre hits you with a +0 giant spiked club!!
You die...

####......# #...#.#
..........# #...#.#
#.##.#.##.# #...#.#
#.##.#.##.# #...#.#
#.##.#.##.# ###...#.#
.....#.##.# .....#.#
........#.# ####..#.###
........#.# #.#.........#
..........# #...@...#.#.#
..........#....O###.#.#.#
................ #.#.#.#
####.##.#.#..... #.#.#.#
#.##...#..... #.#.#.#
#.###..#..... #.#.#.#
####.# ..#..... #(#.#.#
..##.# ..#####. #.#
.....# #..


You could see a two-headed ogre.

Vanquished Creatures
  Blork the orc (D:4)
  A centaur skeleton (D:4)
  A jelly (D:3)
  2 adders
  3 worms
  2 dart slugs (D:3)
  An orc (D:3)
  4 endoplasms
  3 giant cockroaches
  6 goblins
  3 hobgoblins
  5 jackals (D:2)
  8 ball pythons
  6 bats
  3 frilled lizards
  2 kobolds
  3 rats
54 creatures vanquished.

Vanquished Creatures (others)
  4 plants (D:2)
4 creatures vanquished.

Grand Total: 58 creatures vanquished

Notes
Turn   | Place    | Note
-------+----------+-------------------------------------------
     0 | D:1      | a11behringer the Hill Orc Fighter began the quest for the
                  | Orb.
     0 | D:1      | Reached XP level 1. HP: 19/19 MP: 1/1
   492 | D:1      | Reached XP level 2. HP: 26/27 MP: 2/2
   779 | D:2      | Reached skill level 3 in Axes
   783 | D:2      | Found a faded altar of an unknown god.
  1007 | D:2      | Reached XP level 3. HP: 33/33 MP: 3/3
  1571 | D:3      | Reached XP level 4. HP: 32/40 MP: 4/4
  1691 | D:3      | Reached skill level 4 in Axes
  2431 | D:4      | Reached skill level 5 in Axes
  2431 | D:4      | Reached XP level 5. HP: 43/47 MP: 5/5
  2615 | D:4      | Noticed Blork the orc
  2627 | D:4      | Killed Blork the orc
  2718 | D:4      | Noticed a two-headed ogre
  2721 | D:4      | Mangled by a two-headed ogre

Illustrated notes

Levels and vault maps discovered:
D:1:      lemuel_arrival_lava_pool, layout_loops_ring, minivault_4, minivault_11
D:2:      layout_rooms, nicolae_ecumenical_snake_handling, serial_bayou_crossing
D:3:      layout_basic, eino_tiny_chamber
D:4:      layout_basic, uniq_blork_the_orc

Skill      XL: |  1  2  3  4 |
---------------+-------------+-----
Axes           | 3 5 |  5.8
Fighting       | 4 |  4.4
Armour         | 4 |  4.5
Shields        | |  3.8

Action                   |  1- 3 |  4- 6 || total
-------------------------+-------+-------++-------
Melee: War axe           |    12 |       ||    12
       Hand axe          |    62 |    55 ||   117
  Use: Potion            |       |     1 ||     1
Armor: Scale mail        |    29 |    17 ||    46
Dodge: Dodged            |    30 |    23 ||    53
Block: Buckler           |    16 |    10 ||    26

Table legend: (Time is in decaauts)
 A = Elapsed time spent in this place.
 B = Non-inter-level travel time spent in this place.
 C = Inter-level travel time spent in this place.
 D = Time resting spent in this place.
 E = Time spent auto-exploring this place.
 F = Levels seen in this place.
 G = Mean time per level.
                   A        B        C        D        E       F      G
               +--------+--------+--------+--------+--------+-----+--------+
         Total |   2744 |   2450 |    294 |      0 |   2087 |   4 |  686.0 |
       Dungeon |   2744 |   2450 |    294 |      0 |   2087 |   4 |  686.0 |
               +--------+--------+--------+--------+--------+-----+--------+

Top non-repeatable levels by time:
     D:3: 804 daAuts
     D:2: 801 daAuts
     D:1: 781 daAuts
     D:4: 358 daAuts
